Map: Cyber Forest LE

Players

WildGame

  • Race: Terran Terran
  • League: Grandmaster
  • Spawn Location: 5:00

Starlord - Winner!

  • Race: Protoss Protoss
  • League: Master
  • Spawn Location: 11:00

VOD

https://youtu.be/7kT_krA9rw4

Description

Time

  • Played on: July 29, 2019, 6:20 p.m.
  • Length: 27:18
Show
View Real Time Build Order
Export as new Build Order

WildGame Terran 

Build Orders: Gas First Reaper Expand, Liberator Opening 

Get SALT Encoding   

  12  0:01  SCV  
  13  0:13  SCV  
  14  0:17  Supply Depot  
  14  0:27  SCV  
  15  0:32  Refinery  
  15  0:40  SCV  
  16  0:45  Barracks  
  16  0:52  SCV  
  17  1:04  SCV  
  18  1:19  SCV  
  19  1:35  Reaper, Orbital Command  
  20  1:50  Command Center  
  20  2:01  Factory  
  20  2:03  SCV  
  21  2:10  Refinery  
  21  2:13  Barracks Reactor  
  21  2:15  SCV  
  21  2:21  Supply Depot  
  22  2:28  SCV  
  23  2:43  SCV  
  24  2:44  Bunker  
  24  2:47  Widow Mine  
  24  2:50  Marine x2  
  28  2:55  SCV  
  27  3:07  SCV, Starport  
  27  3:10  Supply Depot  
  28  3:17  Marine x2  
  31  3:20  SCV  
  31  3:21  Factory Tech Lab  
  31  3:29  Orbital Command  
  31  3:33  Liberator  
  31  3:37  SCV  
  32  3:41  Cyclone  
  35  3:51  Marine  
  39  3:56  SCV  
  39  3:57  SCV  
  39  4:01  Marine  
  42  4:09  SCV x2  
  44  4:14  Marine  
  41  4:21  SCV  
  42  4:28  SCV, Marine  
  41  4:32  Marine  
  41  4:33  Viking  
  34  5:01  SCV x2  
  34  5:03  Viking  
  38  5:20  Supply Depot  
  38  5:22  SCV  
  38  5:23  SCV, Barracks  
  43  5:29  Cyclone  
  43  5:30  Marine x2  
  43  5:33  Supply Depot  
  43  5:35  SCV x2  
  47  5:48  SCV  
  48  5:52  Marine x2  
  50  6:01  Cyclone  
  52  6:10  SCV  
  52  6:23  SCV, Marine x2  
  55  6:25  Barracks Tech Lab  
  55  6:27  Barracks  
  51  6:33  Siege Tank  
  51  6:35  SCV  
  52  6:41  Marine x2  
  50  6:50  SCV  
  50  6:53  Orbital Command  
  51  7:02  SCV  
  51  7:05  Siege Tank  
  51  7:06  Marine x2  
  57  7:14  SCV  
  54  7:18  Stimpack  
  54  7:19  Barracks Reactor  
  54  7:23  SCV  
  54  7:26  Refinery  
  54  7:27  SCV  
  56  7:30  Marine x2  
  56  7:31  Starport Reactor, Marine  
  56  7:35  SCV  
  56  7:36  Bunker  
  60  7:37  Siege Tank  
  60  7:41  SCV  
  64  7:48  SCV, Marine  
  62  7:52  Marine x2  
  62  7:57  SCV  
  61  8:00  SCV  
  61  8:06  Marine x2  
  61  8:07  Medivac, Marine  
  61  8:10  SCV, Siege Tank  
  61  8:12  Supply Depot  
  70  8:13  Refinery  
  70  8:16  Supply Depot  
  70  8:19  SCV, Engineering Bay x2  
  68  8:23  Marine x2  
  70  8:33  SCV, Marine x3  
  74  8:36  SCV  
  74  8:38  Medivac x2  
  74  8:40  Marine  
  80  8:42  Supply Depot, Siege Tank  
  80  8:45  SCV, Marine  
  85  8:50  SCV  
  86  9:03  Marine x3  
  86  9:09  Supply Depot  
  88  9:10  Marauder, Marine  
  88  9:13  SCV  
  88  9:14  SCV  
  91  9:21  Marine x2  
  91  9:25  Siege Tank  
  91  9:27  Combat Shield  
  91  9:31  Barracks  
  94  9:36  SCV x2  
  92  9:38  Marauder  
  92  9:44  Medivac  
  92  9:45  Marine x3  
  87  9:48  SCV  
  87  9:49  Marine  
  87  9:51  Terran Infantry Armor Level 1, Terran Infantry Weapons Level 1  
  91  10:00  Marauder  
  91  10:01  SCV  
  91  10:02  SCV  
  88  10:09  Command Center  
  87  10:14  Marine x3  
  87  10:15  Marine  
  87  10:20  SCV  
  94  10:21  Marauder  
  94  10:26  Barracks Tech Lab, Barracks  
  94  10:29  Supply Depot  
  94  10:31  Supply Depot  
  94  10:45  Armory  
  94  10:50  SCV, Marauder, Marine x5  
  103  10:57  SCV  
  103  11:02  SCV  
  104  11:04  Concussive Shells  
  104  11:06  Medivac, Missile Turret  
  104  11:07  Medivac  
  104  11:08  Marauder  
  104  11:09  Missile Turret  
  110  11:17  Barracks Reactor  
  110  11:18  Supply Depot  
  110  11:21  SCV x2  
  110  11:23  Orbital Command  
  112  11:26  Marine x2  
  112  11:28  Marine  
  115  11:34  Missile Turret  
  115  11:36  Missile Turret  
  115  11:38  Marine x2  
  101  11:50  Marine  
  101  11:51  Marauder, Marine x2  
  106  11:57  Marauder  
  107  12:03  Marine x3  
  107  12:04  Viking  
  107  12:08  Marine  
  111  12:09  Marine  
  111  12:12  Marauder  
  114  12:18  Marauder  
  116  12:24  Medivac, Marine x4  
  116  12:26  Terran Infantry Weapons Level 2  
  116  12:28  Terran Infantry Armor Level 2  
  122  12:33  Marauder  
  122  12:34  Medivac  
  126  12:40  Marauder  
  128  12:50  Marine x2  
  130  12:55  Marauder  
  122  13:05  Marauder, Marine x4  
  120  13:08  SCV x2  
  120  13:09  SCV  
  125  13:16  Starport, Marauder  
  125  13:18  Command Center  
  123  13:32  Siege Tank  
  123  13:33  Viking x2  
  123  13:34  Marauder, Marine x3  
  127  13:44  Marine  
  127  13:45  Marauder  
  127  13:47  Marine x2  
  120  13:52  Marine x2  
  124  13:56  Marauder  
  124  14:00  Marine  
  118  14:04  Siege Tank  
  118  14:06  Marauder, Orbital Command  
  120  14:11  Marine x2  
  124  14:17  Marauder  
  124  14:19  Supply Depot  
  124  14:30  Marauder, Marine x2, Viking  
  129  14:36  Planetary Fortress  
  129  14:39  Marine  
  130  14:47  Marine x3  
  130  14:52  Starport Reactor  
  133  14:59  Medivac  
  135  15:00  Marine, Viking  
  135  15:07  Marine  
  138  15:08  Ghost Academy  
  138  15:09  Marine  
  140  15:15  Missile Turret  
  140  15:21  Marine x2  
  140  15:22  Siege Tank  
  140  15:23  Marine  
  140  15:24  Marine  
  140  15:26  Marauder  
  138  15:30  Marine x2  
  138  15:31  Marauder  
  127  15:38  Marine x2  
  96  16:05  Marine x2  
  92  16:25  Marine  
  69  17:03  Orbital Command  
  68  17:26  Starport Tech Lab  
  68  17:27  Starport Tech Lab  
  61  17:47  Orbital Command  
  37  18:50  SCV  
  22  19:00  SCV  
  22  19:02  SCV  
  21  19:12  SCV  
  21  19:14  SCV  
  23  19:26  SCV  
  20  19:40  Marine x2  
  20  19:41  SCV  
  20  19:44  SCV  
  24  19:53  SCV  
  25  20:03  Marine x2  
  25  20:05  Marine  
  28  20:09  Orbital Command  
  28  20:16  Starport Tech Lab  
  28  20:21  Marine  
  29  20:31  SCV  
  30  20:56  Supply Depot  
  30  21:02  Supply Depot  
  30  21:07  Barracks Reactor x2  
  30  21:10  Starport Reactor  
  30  21:15  Barracks Tech Lab  
  30  21:18  SCV x2  
  32  21:29  Bunker  
  32  21:30  SCV x2  
  30  21:48  SCV x2, Marine  
  33  21:57  Marine  
  33  21:58  Marine  
  33  22:01  Marine x2  
  36  22:10  Marine  
  36  22:14  Liberator  
  36  22:15  Marine x2  
  37  22:19  SCV x2, Marine  
  43  22:29  Marine  
  46  22:38  Supply Depot  
  46  22:41  Marine x3  
  46  22:43  Marine  
  50  22:46  SCV  
  51  22:55  Marine  
  53  22:59  Marine  
  53  23:03  Supply Depot  
  42  23:37  Raven  
  44  23:54  Orbital Command  
  44  24:13  Orbital Command  
  44  24:48  Marine x2  
  46  25:14  Marine  
  46  25:15  Marine  
  32  25:25  Marine  
  30  25:35  Marine  
Show
View Real Time Build Order
Export as new Build Order

Starlord Protoss - Winner!

Build Orders:  

Get SALT Encoding   

  12  0:02  Probe  
  14  0:14  Probe  
  14  0:20  Pylon  
  14  0:26  Probe  
  15  0:34  Probe  
  15  0:40  Gateway  
  16  0:43  Probe  
  17  0:55  Probe  
  17  0:57  Assimilator  
  18  1:07  Probe  
  18  1:09  Assimilator  
  19  1:19  Probe  
  20  1:28  Cybernetics Core  
  20  1:31  Probe  
  21  1:36  Zealot  
  21  1:39  Pylon  
  23  1:54  Pylon  
  23  1:57  Probe  
  26  2:15  Robotics Facility x2  
  24  2:18  Stalker  
  24  2:20  Probe  
  27  2:29  Pylon  
  26  2:55  Immortal  
  26  2:57  Probe  
  28  3:17  Immortal  
  30  3:22  Warp Prism  
  30  3:23  Probe  
  33  3:35  Probe  
  34  3:57  Robotics Bay  
  34  3:59  Probe  
  35  4:37  Warp Prism  
  37  4:41  Disruptor  
  38  4:53  Nexus  
  38  4:54  Stalker  
  38  4:55  Warp Gate  
  38  4:58  Probe  
  33  5:10  Assimilator  
  33  5:13  Observer  
  34  5:17  Disruptor  
  37  5:22  Probe  
  37  5:27  Gateway  
  38  5:31  Pylon  
  38  5:34  Probe  
  36  5:50  Probe  
  36  5:55  Disruptor  
  36  6:02  Probe  
  40  6:05  Disruptor  
  40  6:14  Probe  
  40  6:25  Stalker  
  39  6:49  Probe  
  39  6:51  Probe  
  39  6:53  Robotics Facility  
  41  7:01  Probe, Robotics Facility  
  42  7:03  Probe  
  43  7:13  Probe  
  43  7:14  Probe  
  45  7:22  Probe  
  45  7:25  Assimilator, Gateway, Probe  
  45  7:27  Pylon  
  45  7:29  Stalker  
  49  7:49  Disruptor  
  43  7:59  Disruptor  
  43  8:02  Probe x2  
  50  8:12  Probe  
  50  8:14  Probe  
  52  8:20  Stalker x2  
  52  8:21  Probe  
  52  8:22  Pylon  
  52  8:26  Probe, Observer  
  59  8:29  Probe  
  60  8:39  Pylon  
  60  8:40  Disruptor  
  63  8:46  Disruptor  
  66  8:49  Pylon  
  66  8:54  Nexus  
  66  9:20  Pylon  
  66  9:24  Pylon  
  66  9:34  Probe x2  
  68  9:39  Extended Thermal Lance  
  68  9:41  Disruptor x2  
  65  9:46  Probe  
  65  9:47  Probe  
  65  9:52  Forge  
  67  9:54  Twilight Council  
  67  9:58  Probe  
  68  10:16  Disruptor  
  68  10:17  Disruptor  
  68  10:18  Observer  
  68  10:19  Stalker x3  
  68  10:20  Protoss Ground Weapons Level 1  
  80  10:34  Gateway  
  80  10:36  Probe  
  81  10:43  Colossus  
  81  10:45  Observer  
  81  10:49  Observer  
  88  11:00  Probe  
  88  11:01  Assimilator  
  88  11:03  Gateway, Charge  
  89  11:04  Gateway  
  89  11:05  Pylon  
  89  11:25  Assimilator  
  89  11:27  Probe  
  89  11:29  Colossus  
  89  11:31  Pylon, Observer  
  90  11:52  Observer  
  89  12:03  Stalker x5  
  97  12:09  Observer  
  98  12:16  Observer  
  98  12:21  Protoss Ground Armor Level 1  
  98  12:22  Stalker  
  101  12:30  Stalker  
  101  12:32  Zealot x4  
  101  12:33  Probe  
  101  12:35  Probe x2  
  116  12:47  Nexus  
  116  12:48  Pylon  
  116  12:51  Zealot  
  88  13:06  Zealot x5  
  88  13:11  Nexus  
  92  13:27  Probe x2  
  92  13:28  Zealot x2  
  92  13:29  Zealot  
  98  13:47  Probe  
  91  13:52  Zealot x4  
  97  14:21  Probe  
  98  14:25  Robotics Facility  
  98  14:26  Templar Archives  
  90  14:37  Psionic Storm  
  88  14:40  Sentry, Zealot x2, Stalker x2  
  88  14:41  Zealot  
  88  14:43  Probe  
  101  14:47  Observer  
  101  14:48  Assimilator  
  101  14:51  Assimilator  
  101  14:53  Gateway  
  101  14:58  Probe  
  102  15:02  Dark Shrine  
  102  15:14  High Templar x4  
  102  15:19  Immortal  
  114  15:34  High Templar  
  108  15:36  Zealot  
  91  15:54  Zealot  
  90  16:08  Probe  
  87  16:11  Gateway  
  87  16:13  Gateway  
  84  16:25  Pylon  
  80  16:34  Pylon  
  65  16:57  Archon  
  65  17:07  Dark Templar  
  65  17:08  Dark Templar  
  68  17:22  Pylon  
  68  17:25  Assimilator  
  68  17:26  Assimilator  
  64  17:40  Probe  
  53  17:52  Probe  
  54  18:02  Zealot x2  
  54  18:04  Probe  
  59  18:08  Cybernetics Core, Observer  
  59  18:25  Probe  
  51  18:51  Zealot x2  
  29  19:16  Pylon  
  26  19:31  Probe  
  24  19:33  Zealot x2  
  25  19:39  Probe  
  26  19:55  Zealot  
  28  20:07  Stalker  
  30  20:18  Zealot  
  32  20:31  Stargate  
  32  20:35  Twilight Council  
  30  20:44  Probe  
  30  20:45  Zealot x2  
  33  21:03  Probe  
  33  21:11  Probe  
  35  21:20  Dark Shrine  
  35  21:23  Zealot  
  35  21:25  Zealot  
  39  21:29  Probe  
  40  21:41  Probe  
  41  21:47  Zealot x2  
  37  22:17  Nexus  
  37  22:22  Shadow Stride, Observer  
  37  22:33  Dark Templar  
  39  22:39  Dark Templar  
  41  22:49  Probe  
  42  22:57  Templar Archives  
  42  23:02  Probe  
  43  23:14  Probe  
  44  23:33  High Templar  
  44  23:34  High Templar  
  46  23:45  Probe x2  
  46  23:47  Pylon  
  48  23:55  Gateway  
  48  23:58  Gateway  
  47  24:06  High Templar  
  48  24:27  Dark Templar  
  44  24:46  Zealot  
  46  24:55  Dark Templar  
  46  24:59  Zealot  
  50  25:03  Gateway  
  50  25:05  Gateway  
  50  25:07  Gateway  
  50  25:10  Zealot x2  
  52  25:20  High Templar  
  41  25:27  Assimilator  
  41  25:31  Assimilator, Zealot x2  
  41  25:35  Pylon  
  45  25:41  Pylon  
  35  26:06  Probe  
  35  26:10  Probe  
  37  26:14  Zealot x2, Probe  
  42  26:29  Zealot  
  44  26:35  High Templar  
  42  26:56  Zealot  
  42  26:57  Zealot  
Tags
 
Add a new tag
Caveats
  • Supply blocks, unpowered buildings, or Contaminate may cause inaccurate times.
  • Supply counts are checked every 10 seconds.